Map: [ESL] Inside and Out

Players

Gerald - Winner!

  • Race: Protoss Protoss
  • Spawn Location: 1:00

Krystianer

  • Race: Protoss Protoss
  • Spawn Location: 7:00

Event: DreamHack SC2 Masters 2022 Atlanta (Online)

VOD

Have the link to the VOD?

Description

Time

  • Played on: Oct. 12, 2022, 12:37 p.m.
  • Length: 17:28

All games in this series

Show
View Real Time Build Order
Export as new Build Order

Gerald Protoss - Winner!

Build Orders: Oracle Opening 

Get SALT Encoding   

  12  0:00  Probe  
  13  0:12  Probe  
  14  0:17  Pylon  
  14  0:24  Probe (Chrono Boost)  
  16  0:36  Probe (Chrono Boost)  
  16  0:37  Gateway  
  16  0:43  Probe (Chrono Boost)  
  16  0:46  Assimilator  
  17  0:51  Probe  
  17  0:55  Assimilator  
  18  1:03  Probe (Chrono Boost)  
  19  1:09  Gateway  
  19  1:13  Probe (Chrono Boost)  
  19  1:18  Probe (Chrono Boost)  
  21  1:26  Cybernetics Core  
  21  1:30  Probe  
  22  1:37  Pylon  
  22  1:42  Probe  
  23  1:55  Probe  
  24  2:03  Stargate  
  24  2:07  Adept x2  
  28  2:11  Probe  
  28  2:13  Warp Gate  
  29  2:22  Pylon  
  29  2:23  Probe  
  30  2:35  Probe  
  30  2:39  Stalker  
  32  2:46  Oracle (Chrono Boost)  
  35  2:53  Shield Battery  
  35  2:57  Probe  
  36  3:00  Pylon  
  36  3:09  Probe  
  37  3:27  Nexus  
  37  3:47  Probe  
  33  3:48  Oracle (Chrono Boost)  
  34  3:58  Shield Battery  
  34  4:01  Stalker  
  34  4:02  Stalker  
  38  4:06  Twilight Council  
  38  4:08  Probe  
  39  4:18  Gateway  
  39  4:25  Probe  
  39  4:26  Stalker  
  42  4:38  Probe, Blink (Chrono Boost)  
  39  4:42  Probe, Stalker  
  43  4:50  Probe (Chrono Boost)  
  44  4:57  Probe (Chrono Boost)  
  44  4:58  Stalker  
  47  5:03  Probe (Chrono Boost)  
  49  5:08  Robotics Facility  
  49  5:10  Probe (Chrono Boost)  
  48  5:18  Stalker  
  45  5:21  Probe  
  45  5:26  Probe  
  42  5:31  Stalker  
  42  5:33  Probe  
  45  5:35  Stalker  
  45  5:38  Probe  
  48  5:49  Probe (Chrono Boost)  
  48  5:51  Probe (Chrono Boost)  
  49  6:00  Adept x2  
  49  6:04  Observer, Probe (Chrono Boost)  
  56  6:05  Probe (Chrono Boost)  
  56  6:09  Probe (Chrono Boost)  
  56  6:10  Stalker  
  59  6:15  Probe  
  60  6:22  Probe  
  60  6:25  Assimilator  
  61  6:26  Pylon  
  61  6:27  Probe  
  62  6:33  Pylon  
  62  6:44  Probe x2  
  62  6:47  Stalker x3  
  70  6:56  Probe x2, Pylon  
  72  7:08  Probe  
  72  7:12  Probe  
  72  7:14  Stalker  
  72  7:15  Stalker x2  
  80  7:20  Probe  
  75  7:32  Probe  
  75  7:33  Probe  
  77  7:40  Nexus  
  75  7:44  Stalker x2  
  75  7:45  Probe, Stalker  
  82  7:53  Probe  
  83  7:58  Observer  
  83  8:01  Shield Battery  
  84  8:08  Dark Shrine  
  84  8:09  Pylon  
  83  8:13  Probe  
  83  8:17  Observer  
  85  8:23  Probe  
  84  8:27  Gateway  
  84  8:29  Gateway, Stalker x2  
  84  8:33  Stalker  
  87  8:41  Probe  
  87  8:44  Probe  
  83  8:56  Observer  
  83  8:57  Probe x2  
  83  9:02  Observer  
  81  9:03  Stalker  
  81  9:04  Stalker x2  
  81  9:09  Probe (Chrono Boost)  
  84  9:15  Observer (Chrono Boost)  
  86  9:17  Probe (Chrono Boost)  
  88  9:26  Dark Templar x2  
  91  9:31  Probe (Chrono Boost)  
  91  9:35  Probe (Chrono Boost)  
  91  9:37  Probe (Chrono Boost)  
  93  9:39  Dark Templar  
  93  9:41  Probe (Chrono Boost)  
  93  9:44  Forge  
  93  9:45  Probe (Chrono Boost)  
  97  9:48  Probe (Chrono Boost)  
  98  9:53  Observer, Stalker x2  
  99  10:03  Stalker  
  97  10:07  Probe  
  97  10:10  Stalker  
  97  10:11  Stalker  
  97  10:13  Probe  
  101  10:18  Probe  
  102  10:27  Immortal  
  96  10:35  Stalker  
  96  10:38  Probe  
  96  10:41  Protoss Ground Weapons Level 1 (Chrono Boost)  
  85  10:53  Probe x2  
  85  10:55  Probe  
  82  10:57  Assimilator x2  
  82  11:03  Photon Cannon  
  82  11:05  Probe x2  
  82  11:06  Photon Cannon  
  82  11:07  Probe  
  82  11:08  Dark Templar  
  82  11:09  Assimilator  
  82  11:11  Dark Templar  
  89  11:17  Probe  
  91  11:21  Photon Cannon, Gateway  
  91  11:22  Gateway  
  90  11:26  Probe  
  90  11:27  Nexus  
  90  11:29  Probe x2  
  90  11:31  Observer  
  93  11:37  Stalker x3  
  93  11:38  Probe  
  100  11:40  Pylon  
  100  11:41  Probe  
  100  11:46  Pylon  
  101  11:47  Pylon  
  101  11:49  Pylon  
  101  11:53  Charge (Chrono Boost)  
  101  11:54  Immortal  
  105  12:02  Zealot x2  
  105  12:05  Pylon  
  107  12:09  Stalker x2  
  109  12:21  Zealot x3  
  115  12:27  Shield Battery  
  115  12:28  Pylon  
  115  12:31  Dark Templar x2  
  115  12:32  Probe  
  119  12:41  Stalker  
  119  12:42  Probe  
  119  12:43  Archon x2  
  122  12:45  Zealot x4  
  110  13:00  Immortal  
  114  13:05  Stalker x2  
  114  13:06  Stalker x3  
  114  13:11  Stalker x2  
  128  13:16  Probe (Chrono Boost)  
  132  13:20  Photon Cannon  
  132  13:21  Probe x3 (Chrono Boost)  
  132  13:24  Protoss Ground Weapons Level 2 (Chrono Boost)  
  132  13:26  Probe (Chrono Boost)  
  131  13:29  Probe (Chrono Boost)  
  131  13:30  Robotics Bay  
  131  13:32  Dark Templar  
  131  13:33  Probe (Chrono Boost)  
  135  13:41  Zealot x3  
  135  13:42  Zealot  
  135  13:45  Zealot  
  135  13:46  Dark Templar  
  142  13:52  Probe x2  
  138  14:03  Probe x2  
  138  14:08  Probe x2  
  142  14:10  Assimilator  
  142  14:11  Assimilator  
  142  14:12  Assimilator  
  142  14:14  Stalker x5  
  142  14:15  Probe  
  142  14:16  Robotics Facility  
  153  14:22  Disruptor (Chrono Boost)  
  153  14:26  Observer  
  153  14:29  Pylon  
  156  14:35  Photon Cannon  
  156  14:41  Nexus  
  156  14:42  Pylon  
  156  14:47  Pylon  
  156  14:50  Disruptor  
  159  14:57  Probe x2  
  159  14:59  Shadow Stride, Photon Cannon  
  161  15:04  Photon Cannon  
  161  15:05  Shield Battery, Photon Cannon  
  161  15:06  Shield Battery  
  161  15:15  Probe  
  161  15:18  Probe  
  161  15:19  Dark Templar x3  
  161  15:20  Pylon  
  161  15:21  Probe  
  170  15:23  Dark Templar  
  170  15:24  Archon  
  170  15:26  Disruptor x2  
  170  15:27  Archon  
  176  15:28  Stalker  
  176  15:29  Stalker x2  
  176  15:30  Photon Cannon  
  176  15:32  Pylon  
  182  15:39  Photon Cannon  
  182  15:40  Shield Battery  
  182  15:45  Assimilator  
  182  15:47  Assimilator  
  182  15:56  Dark Templar  
  182  15:57  Dark Templar  
  186  16:02  Disruptor  
  184  16:08  Zealot x5  
  180  16:16  Disruptor  
  179  16:25  Probe  
  180  16:29  Photon Cannon  
  180  16:30  Photon Cannon  
  180  16:32  Shield Battery, Stalker x2  
  178  16:33  Photon Cannon, Stalker x4, Pylon  
  175  17:03  Stalker x2  
  175  17:04  Stalker x5  
Show
View Real Time Build Order
Export as new Build Order

Krystianer Protoss 

Build Orders: Oracle Opening 

Get SALT Encoding   

  12  0:00  Probe  
  13  0:12  Probe  
  14  0:16  Pylon  
  14  0:24  Probe (Chrono Boost)  
  16  0:36  Probe (Chrono Boost), Gateway  
  16  0:43  Probe (Chrono Boost)  
  16  0:46  Assimilator  
  17  0:50  Probe  
  17  0:55  Assimilator  
  18  1:03  Probe (Chrono Boost)  
  19  1:09  Gateway  
  19  1:12  Probe (Chrono Boost)  
  19  1:17  Probe (Chrono Boost)  
  20  1:25  Cybernetics Core  
  21  1:29  Probe  
  22  1:35  Pylon  
  22  1:42  Probe  
  23  1:54  Probe  
  24  2:01  Warp Gate, Stalker x2  
  24  2:06  Probe  
  29  2:12  Pylon  
  29  2:18  Probe  
  30  2:25  Stargate  
  30  2:49  Nexus  
  30  2:54  Probe  
  31  3:02  Shield Battery  
  31  3:05  Oracle (Chrono Boost)  
  35  3:15  Shield Battery  
  33  3:20  Stalker  
  34  3:38  Shield Battery, Stalker  
  34  3:39  Probe (Chrono Boost)  
  28  3:51  Probe (Chrono Boost)  
  27  3:56  Probe (Chrono Boost)  
  27  3:57  Oracle  
  27  4:01  Probe (Chrono Boost)  
  33  4:10  Probe (Chrono Boost)  
  33  4:11  Probe (Chrono Boost)  
  34  4:17  Probe (Chrono Boost)  
  34  4:22  Probe (Chrono Boost)  
  36  4:28  Probe (Chrono Boost)  
  38  4:32  Probe (Chrono Boost)  
  38  4:36  Adept  
  37  4:40  Adept  
  37  4:41  Probe  
  37  4:45  Probe  
  41  4:53  Probe  
  41  4:57  Probe (Chrono Boost)  
  43  5:01  Stalker  
  46  5:09  Probe (Chrono Boost)  
  46  5:12  Probe (Chrono Boost)  
  47  5:17  Probe (Chrono Boost)  
  47  5:20  Probe (Chrono Boost)  
  47  5:24  Probe (Chrono Boost)  
  46  5:29  Twilight Council  
  48  5:36  Probe x2 (Chrono Boost)  
  48  5:40  Stalker  
  48  5:41  Probe (Chrono Boost)  
  52  5:43  Probe (Chrono Boost)  
  52  5:50  Probe  
  52  5:53  Pylon  
  52  5:54  Probe  
  54  6:03  Blink (Chrono Boost)  
  54  6:11  Probe x2  
  54  6:12  Robotics Facility  
  54  6:13  Assimilator  
  54  6:14  Dark Shrine  
  56  6:18  Shield Battery  
  56  6:23  Probe  
  56  6:24  Probe  
  58  6:27  Pylon  
  58  6:31  Stalker  
  58  6:32  Stalker  
  62  6:41  Pylon  
  62  6:45  Probe  
  63  6:50  Gateway  
  63  6:57  Stalker x2  
  69  7:02  Probe  
  67  7:23  Probe  
  67  7:26  Robotics Facility  
  67  7:29  Probe  
  62  7:31  Dark Templar x2  
  62  7:33  Pylon  
  62  7:35  Probe  
  66  7:41  Probe  
  67  7:47  Probe  
  67  7:49  Stalker  
  70  7:53  Probe  
  69  7:59  Probe  
  69  8:03  Stalker x2  
  69  8:05  Probe  
  72  8:09  Nexus  
  72  8:10  Pylon  
  72  8:11  Probe  
  73  8:15  Dark Templar  
  73  8:17  Probe  
  76  8:23  Probe  
  77  8:29  Probe  
  77  8:31  Dark Templar x2  
  82  8:36  Probe  
  81  8:41  Probe  
  81  8:46  Shield Battery  
  81  8:48  Probe  
  83  8:50  Forge  
  83  8:54  Probe  
  82  8:57  Stalker  
  82  9:00  Probe  
  82  9:01  Shield Battery  
  83  9:03  Stalker x2  
  83  9:06  Probe  
  88  9:11  Pylon  
  88  9:12  Probe  
  88  9:13  Pylon  
  89  9:17  Gateway  
  89  9:18  Probe  
  89  9:20  Gateway  
  90  9:24  Probe  
  90  9:26  Stalker x2  
  90  9:28  Stalker  
  90  9:30  Observer (Chrono Boost), Probe  
  99  9:34  Charge  
  99  9:48  Pylon  
  99  9:52  Stalker x2  
  103  9:58  Observer (Chrono Boost)  
  99  10:05  Protoss Ground Weapons Level 1 (Chrono Boost)  
  99  10:06  Photon Cannon  
  96  10:07  Stalker  
  96  10:14  Stalker  
  95  10:22  Stalker x2  
  95  10:23  Warp Prism  
  99  10:30  Probe x2  
  84  10:44  Pylon  
  84  10:48  Probe  
  81  10:51  Stalker x3  
  81  10:52  Observer  
  83  11:04  Gateway  
  83  11:07  Gateway  
  83  11:08  Zealot x2  
  83  11:09  Nexus, Gateway  
  83  11:10  Pylon  
  87  11:14  Photon Cannon  
  87  11:18  Stalker x2  
  87  11:20  Probe  
  87  11:22  Zealot  
  87  11:23  Probe  
  95  11:29  Stalker  
  97  11:47  Nexus  
  97  11:50  Zealot x4  
  97  11:52  Probe  
  105  11:55  Photon Cannon  
  105  11:56  Stalker  
  107  12:02  Protoss Ground Weapons Level 2 (Chrono Boost)  
  107  12:04  Stalker x3  
  111  12:12  Zealot x3  
  117  12:21  Nexus  
  115  12:30  Probe  
  115  12:32  Pylon  
  115  12:35  Shield Battery  
  116  12:39  Zealot x7  
  116  12:41  Zealot  
  132  12:46  Probe  
  103  13:03  Zealot x8  
  103  13:04  Probe  
  114  13:10  Probe  
  115  13:18  Probe  
  115  13:28  Probe  
  116  13:34  Dark Templar x6  
  116  13:35  Zealot x2  
  116  13:36  Probe  
  116  13:38  Probe  
  116  13:40  Probe  
  133  13:48  Probe  
  133  13:50  Probe  
  133  13:52  Probe  
  122  13:56  Stalker x2  
  122  14:00  Probe  
  122  14:02  Probe  
  112  14:04  Probe  
  112  14:06  Zealot x6  
  112  14:08  Protoss Ground Armor Level 1 (Chrono Boost)  
  125  14:13  Probe  
  125  14:14  Probe  
  125  14:15  Pylon  
  127  14:20  Stalker x2  
  127  14:23  Observer (Chrono Boost)  
  132  14:28  Stalker x2, Assimilator  
  132  14:30  Zealot x3, Assimilator  
  142  14:38  Zealot  
  142  14:46  Stalker x2  
  142  14:47  Assimilator  
  146  14:53  Zealot x5  
  146  14:57  Assimilator  
  146  14:58  Probe  
  157  15:03  Stalker  
  159  15:07  Pylon  
  159  15:09  Pylon  
  159  15:11  Pylon  
  159  15:18  Robotics Facility, Robotics Bay  
  159  15:24  Probe  
  159  15:26  Observer  
  161  15:30  Zealot x6  
  161  15:31  Zealot x2  
  177  15:45  Pylon  
  177  15:54  Nexus  
  175  16:01  Zealot x8  
  175  16:02  Probe  
  175  16:03  Probe  
  179  16:04  Probe  
  179  16:07  Disruptor x2 (Chrono Boost)  
  128  16:26  Stalker x7  
  142  16:33  Disruptor (Chrono Boost)  
  142  16:39  Disruptor (Chrono Boost)  
  137  16:58  Stalker x7  
  117  17:09  Observer (Chrono Boost)  
Tags
 
Add a new tag
Caveats
  • Supply blocks, unpowered buildings, or Contaminate may cause inaccurate times.
  • Supply counts are checked every 10 seconds.